 Dungeon Crawl Stone Soup version 0.14-b1-26-geea93df (webtiles) character file.

23 MrDeVil909 the Stinger (level 1, 0/10 HPs)
             Began as a Gargoyle Venom Mage on Apr 5, 2014.
             Slain by Jessica
             ... wielding a +0,+1 dagger of venom
              (4 damage)
             ... on Level 2 of the Dungeon.
             The game lasted 00:05:24 (401 turns).

MrDeVil909 the Stinger (Gargoyle Venom Mage)         Turns: 401, Time: 00:05:24

HP   0/10        AC  4     Str 11      XL: 1   Next: 50%
MP   0/3         EV 12     Int 15      God:
Gold 20          SH  0     Dex 10      Spells:  1 memorised,  3 levels left

rFire  . . .     SeeInvis .     (no weapon)
rCold  . . .     Clarity  .     h - +0 robe
rNeg   + . .     Conserve .     (no shield)
rPois  +         rCorr    .     (no helmet)
rElec  +         rRot     +     (no cloak)
SustAb . .       Spirit   .     (no gloves)
rMut   .         Warding  .     (no boots)
Saprov . . .     Stasis   .     (no amulet)
MR     .....                    (no ring)
                                (no ring)

@: very slightly contaminated, not resistant to hostile enchantments, fairly
stealthy
A: life protection 1, electricity resistance, unbreathing, petrification
resistance, AC +2
a: no special abilities


You were on level 2 of the Dungeon.
You were not hungry.

You visited 1 branch of the dungeon, and saw 2 of its levels.

You collected 20 gold pieces.

Inventory:

Hand weapons
 g - a +0,+0 whip
 j - a +0,+0 dagger
 l - a +0,+0 whip
 m - a +1,+1 dagger
Missiles
 p - 15 darts (quivered)
 r - 9 poisoned needles
 s - 21 sling bullets
 t - 25 bolts
Armour
 a - a +0 robe
 e - a +0 centaur barding
 h - a +0 robe (worn)
 n - a +0 leather armour
 u - a +0 leather armour
Comestibles
 c - a bread ration
 i - 2 rotting chunks of kobold flesh
 k - a rotting chunk of bat flesh
Scrolls
 f - a scroll of fear {unknown}
 o - a scroll of random uselessness {unknown}
Potions
 d - a potion of confusion {unknown}
 q - a potion of curing {unknown}
Books
 b - a Young Poisoner's Handbook

   Spells                             Type                      Level
   *Sting                             Conjuration/Poison           1
   Cure Poison                        Poison                       2
   Mephitic Cloud                     Conjuration/Poison/Air       3
   Olgreb's Toxic Radiance            Poison                       4
   Venom Bolt                         Conjuration/Poison           5


   Skills:
 + Level 1.5 Dodging
 + Level 2.1 Stealth
 + Level 2.0 Spellcasting
 + Level 4.1 Poison Magic


You had 3 spell levels left.
You knew the following spells:

 Your Spells              Type           Power        Failure   Level  Hunger
a - Sting                 Conj/Pois      #...         12%         1    #......


Dungeon Overview and Level Annotations

Branches:
Dungeon (2/15)

Altars:

Annotations:
D:2 Jessica


Innate Abilities, Weirdness & Mutations

You are resistant to torment.
You are immune to poison.
You are immune to rotting.
Your stone body is very resilient (AC +2).
You resist negative energy.
You are resistant to electric shocks.
You can survive without breathing.
You are immune to petrification.


Message History

Jessica blinks!
Jessica points at you and mumbles some strange words.
Pain shoots through your body!
Ouch! That really hurt!
Casting: Sting
Confirm with . or Enter, or press ? or * to list all spells.
Aiming: Sting
Press: ? - help, Shift-Dir - straight line, f/p - Jessica
Aim: Jessica, wielding a runed dagger and wearing a robe (moderately wounded)
The sting hits Jessica.
Jessica is poisoned.
Jessica is severely wounded.
Casting: Sting
Confirm with . or Enter, or press ? or * to list all spells.
Aiming: Sting
Press: ? - help, Shift-Dir - straight line, f/p - Jessica
Aim: Jessica, wielding a runed dagger and wearing a robe (severely wounded, poisoned)
You miscast Sting.
You are very lightly contaminated with residual magic.
Wisps of smoke drift from your hands. Jessica hits you with a runed dagger.
You die...

##### #...# #.#.###
######
...#.@@###########.....
#.#####.............####
#. #...###########.####
# #.#................#
...#.##..............
##.##.##.#####.##.##.#
#. #.##.# #.#...#.# #.
#.##.# #...#.... #
#.##)# #########


You could see Jessica.

Vanquished Creatures
  A kobold (D:1)
  A bat (D:1)
  A goblin (D:2)
  A rat (D:1)
4 creatures vanquished.

Notes
Turn   | Place    | Note
--------------------------------------------------------------
     0 | D:1      | MrDeVil909, the Gargoyle Venom Mage, began the quest for the Orb.
     0 | D:1      | Reached XP level 1. HP: 10/10 MP: 3/3
   391 | D:2      | Noticed Jessica
   401 | D:2      | Slain by Jessica

Action                   || total
-------------------------++-------
 Cast: Sting             ||     8
